 Dungeon Crawl Stone Soup version 0.28-a0-769-g550dbda0cd (webtiles) character file.

Game seed: 7890933757518450333

181247 funkygono the Eclecticist (level 18, -3/93 HPs)
             Began as a Gargoyle Fire Elementalist on Nov 1, 2021.
             Was the Champion of Vehumet.
             Slain by the 27-headed Lernaean hydra (7 damage)
             ... on level 4 of the Swamp.
             The game lasted 01:56:05 (38019 turns).

funkygono the Eclecticist (GrFE)                   Turns: 38019, Time: 01:56:05

Health: -3/93      AC: 31    Str: 18    XL:     18   Next: 30%
Magic:  37/48      EV: 12    Int: 30    God:    Vehumet [******]
Gold:   3321       SH:  5    Dex: 10    Spells: 9/52 levels left

rFire   . . .      SeeInvis +   F - +8 morningstar (vamp)
rCold   + + .      Faith    .   (no shield)
rNeg    + . .      Spirit   .   w - +4 ring mail of the Monkey {rC+ Regen+ Str+2 SInv}
rPois   ∞          Reflect  +   X - +2 hat
rElec   +          Harm     .   R - +0 cloak of Muvos {Regen+ Slay+3}
rCorr   .          Rampage  .   (no gloves)
Will    +++..                   e - +2 pair of boots
Stlth   ++........              a - amulet of reflection
HPRegen 2.25/turn               h - ring "Xinybouqi" {Contam rC+ Str+4 Int+6}
MPRegen 0.31/turn               n - ring of the Cockatrice {Wiz Drain Will++ MP+9 Stlth+}

@: flying
A: sickness immunity, AC +13, big wings, negative energy resistance 1,
electricity resistance, torment resistance 1, petrification resistance
a: Renounce Religion


You were on level 4 of the Swamp.
You worshipped Vehumet.
Vehumet was exalted by your worship.
You visited 5 branches of the dungeon, and saw 28 of its levels.
You also visited: Sewer and Ice Cave.

You collected 3321 gold pieces.

Inventory:

Hand Weapons
 F - a +8 vampiric morningstar (weapon)
Missiles
 d - 646 stones
Armour
 e - a +2 pair of boots (worn)
 f - a +0 kite shield of reflection
 w - the +4 ring mail of the Monkey (worn) {rC+ Regen+ Str+2 SInv}
   (You found it on level 4 of the Lair of Beasts)

   Str:       It affects your strength (+2).
   rC:        It protects you from cold.
   SInv:      It lets you see invisible.
   Regen:     It increases your rate of health regeneration.
 R - the +0 cloak of Muvos (worn) {Regen+ Slay+3}
   (You acquired it on level 3 of the Swamp)

   Slay:      It affects your accuracy & damage with ranged weapons and melee
   (+3).
   Regen:     It increases your rate of health regeneration.
 X - a +2 hat (worn)
Magical Staves
 c - a staff of conjuration
 S - a staff of death
Jewellery
 a - an amulet of reflection (around neck)
 b - an amulet of magic regeneration
 h - the ring "Xinybouqi" (left hand) {Contam rC+ Str+4 Int+6}
   (You acquired it on level 3 of the Dungeon)

   [ring of intelligence]

   Str:       It affects your strength (+4).
   Int:       It affects your intelligence (+6).
   rC:        It protects you from cold.
   Contam:    It causes magical contamination when unequipped.
 n - the ring of the Cockatrice (right hand) {Wiz Drain Will++ MP+9 Stlth+}
   (You acquired it on level 13 of the Dungeon)

   [ring of wizardry]

   It improves your spell success rate.
   MP:        It affects your magic capacity (+9).
   Drain:     It drains your maximum health when unequipped.
   Will:      It greatly increases your willpower.
   Stlth:     It makes you more stealthy.
 o - a ring of protection from fire
 D - a +4 ring of protection
 G - an amulet of regeneration
 V - a ring of see invisible
Wands
 r - a wand of digging (15)
 v - a wand of polymorph (12)
 x - a wand of iceblast (36)
 A - a wand of flame (119)
 B - a wand of mindburst (40)
 E - a wand of charming (21)
 H - a wand of acid (26) (quivered)
Scrolls
 k - 2 scrolls of blinking
 l - 4 scrolls of fog
 q - 8 scrolls of teleportation
 t - 3 scrolls of fear
 M - a scroll of holy word
 N - 2 scrolls of magic mapping
Potions
 g - 11 potions of curing
 i - 2 potions of invisibility
 j - 2 potions of might
 u - 6 potions of brilliance
 z - 2 potions of ambrosia
 K - 2 potions of resistance
 L - a potion of mutation
 P - a potion of haste
 T - a potion of cancellation


   Skills:
 + Level 3.7 Fighting
 + Level 5.3 Maces & Flails
 + Level 7.6 Armour
 + Level 4.9 Dodging
 + Level 2.6 Stealth
 + Level 3.7 Shields
 + Level 17.8 Spellcasting
 + Level 14.3 Conjurations
 + Level 2.8 Transmutations
 + Level 16.4 Fire Magic
 + Level 8.3 Earth Magic
 + Level 10.0 Poison Magic


You had 9 spell levels left.
You knew the following spells:

 Your Spells              Type           Power      Damage    Failure   Level
a - Foxfire               Conj/Fire      100%       2x1d9     0%          1
b - Scorch                Fire           100%       2d10      0%          2
c - Conjure Flame         Conj/Fire      87%        6-21      0%          3
d - Flame Wave            Conj/Fire      87%        3d14      1%          4
e - Sting                 Tmut/Pois      100%       1d8       1%          1
f - Olgreb's Toxic Radia  Pois           72%        N/A       1%          4
g - Ignite Poison         Fire/Tmut/Pois 71%        N/A       1%          3
h - Shock                 Conj/Air       100%       1d9       1%          1
i - Sandblast             Erth           100%       2d20      1%          1
j - Stone Arrow           Conj/Erth      100%       3d13      1%          3
k - Ignition              Fire           45%        3d13      2%          8
l - Starburst             Conj/Fire      43%        6d12      1%          6
m - Iron Shot             Conj/Erth      38%        9d8       1%          6

Your spell library contained the following spells:

 Spells                   Type           Power      Damage    Failure   Level
 Conjure Ball Lightning   Conj/Air       31%        3x3d10    2%          6
 Magic Dart               Conj           100%       1d8       0%          1
 Beastly Appendage        Tmut           86%        N/A       1%          1
 Call Imp                 Summ           26%        N/A       1%          2
 Poisonous Vapours        Pois/Air       100%       N/A       1%          2
 Wereblood                Tmut           43%        N/A       1%          2
 Dazzling Flash           Conj/Hex       100%       N/A       1%          3
 Inner Flame              Hex/Fire       66%        N/A       1%          3
 Mephitic Cloud           Conj/Pois/Air  66%        N/A       1%          3
 Spider Form              Tmut/Pois      30%        N/A       1%          3
 Fulminant Prism          Conj/Hex       31%        3d16      1%          4
 Iskenderun's Mystic Bla  Conj/Tloc      62%        2d13      1%          4
 Leda's Liquefaction      Hex/Erth       25%        N/A       1%          4
 Petrify                  Tmut/Erth      57%        N/A       1%          4
 Sticky Flame             Conj/Fire      87%        2d10      1%          4
 Freezing Cloud           Conj/Ice/Air   26%        6-21      1%          5
 Irradiate                Conj/Tmut      33%        3d24      1%          5
 Iskenderun's Battlesphe  Conj           85%        2d13      1%          5
 Lee's Rapid Deconstruct  Erth           33%        3d18*     1%          5
 Call Canine Familiar     Summ           26%        N/A       3%          3
 Portal Projectile        Hex/Tloc       52%        N/A       3%          3
 Blade Hands              Tmut           21%        N/A       9%          5
 Passage of Golubria      Tloc           26%        N/A       11%         4
 Summon Lightning Spire   Summ/Air       26%        N/A       11%         4
 Spellforged Servitor     Conj/Summ      31%        N/A       13%         7
 Lehudib's Crystal Spear  Conj/Erth      38%        10d9      17%         8
 Agony                    Necr           26%        N/A       26%         5
 Excruciating Wounds      Necr           13%        N/A       26%         5
 Silence                  Hex/Air        13%        N/A       26%         5
 Fire Storm               Conj/Fire      43%        8d11      41%         9
 Summon Cactus Giant      Summ           13%        N/A       80%         6
 Ozocubu's Refrigeration  Ice            13%        4d7       85%         7
 Storm Form               Tmut/Air       17%        N/A       99%         7
 Maxwell's Capacitive Co  Air            13%        ∞         100%        8
 Sublimation of Blood     Necr           Unusable   N/A       N/A         2

Dungeon Overview and Level Annotations

Branches:
Dungeon (15/15)            Temple (1/1) D:6            Lair (6/6) D:8
  Swamp (4/4) Lair:4        Snake (0/4) Lair:3        Slime (0/5) Lair:6
    Orc (2/2) D:9             Elf (0/3) Orc:2        Vaults (0/5) D:13
 Depths (0/4) D:15          Sewer (visited)           IceCv (visited)

Altars:
Ashenzari
Cheibriados
Dithmenos
Elyvilon
Fedhas
Gozag
Hepliaklqana
Kikubaaqudgha
Makhleb
Nemelex Xobeh
Okawaru
Qazlal
Ru
Sif Muna
Trog
Uskayaw
Vehumet
Wu Jian
Xom
Yredelemnul
Zin
The Shining One
Beogh

Shops:
D:4 =   D:6 *   D:13 ?   D:14 =   Orc:2 (!(=(

Annotations:
Swamp:1 exclusion: eleionoma
Swamp:4 Lernaean hydra


Innate Abilities, Weirdness & Mutations

You are immune to sickness and miasma.
Your stone body is resilient. (AC +13)
You are immune to poison.
Your large and strong wings let you fly.
You resist negative energy. (rN+)
You are resistant to electric shocks. (rElec)
You are resistant to unholy torment.
You are immune to petrification.


Message History

The 27-headed Lernaean hydra closely misses you.
The 27-headed Lernaean hydra bites you but does no damage.
The 27-headed Lernaean hydra barely misses you.
The 27-headed Lernaean hydra bites you but does no damage.
The 27-headed Lernaean hydra closely misses you.
The 27-headed Lernaean hydra bites you.
The 27-headed Lernaean hydra closely misses you.
The 27-headed Lernaean hydra bites you but does no damage. x2
The 27-headed Lernaean hydra bites you!
The 27-headed Lernaean hydra bites you but does no damage.
The 27-headed Lernaean hydra bites you.
The 27-headed Lernaean hydra bites you but does no damage.
The 27-headed Lernaean hydra bites you!
The 27-headed Lernaean hydra bites you but does no damage.
The 27-headed Lernaean hydra closely misses you.
The 27-headed Lernaean hydra bites you!
* * * LOW HITPOINT WARNING * * *
The 27-headed Lernaean hydra barely misses you. x2
Things that are here:
a hydra skeleton; a hydra skeleton The 27-headed Lernaean hydra closely misses you.
The 27-headed Lernaean hydra bites you.
* * * LOW HITPOINT WARNING * * *
The 27-headed Lernaean hydra misses you.
The 27-headed Lernaean hydra bites you but does no damage.
The 27-headed Lernaean hydra misses you.
You block the 27-headed Lernaean hydra's attack.
The 27-headed Lernaean hydra bites you.
* * * LOW HITPOINT WARNING * * *
The 27-headed Lernaean hydra bites you but does no damage. x2
The 27-headed Lernaean hydra barely misses you.
You block the 27-headed Lernaean hydra's attack.
The 27-headed Lernaean hydra bites you but does no damage. x2
The 27-headed Lernaean hydra bites you.
* * * LOW HITPOINT WARNING * * *
The 27-headed Lernaean hydra bites you but does no damage. x2
The 27-headed Lernaean hydra bites you!
* * * LOW HITPOINT WARNING * * *
The 27-headed Lernaean hydra bites you!
You die...

..≈≈≈≈≈≈..8.(.(.≈.☼§
........≈....≈.○#
♣≈♣..#....# ○†☼
.≈≈≈.♣♣♣♣
♣.≈....####○###
≈.<..≈♣≈.
♣≈.≈#....#...⌠#
≈..≈...≈.
♣♣♣♣≈.§.....≈..#
≈≈..≈.≈♣.
♣♣♣≈..≈#.8...8...#
..≈≈≈.♣≈≈
♣≈..÷≈≈#......(....
.÷≈≈≈..≈.
♣♣..@D≈≈####'#......
≈§.≈§≈≈.≈ ♣.≈≈≈≈≈##
..'.8....
.<†≈≈≈.≈♣♣♣♣♣♣≈≈≈≈≈#
..#....#≈
≈÷≈.≈.♣♣♣♣≈..≈....≈#
!..#.8....
≈÷....♣♣♣..≈≈.≈.<..#
...# P....
..≈.......≈≈≈.≈[.§.#
(..## #.#.#
.≈≈≈............≈≈.♣
...≈≈≈≈≈≈§♣♣≈[.≈≈.♣♣
..§♣..
.≈≈≈≈≈§≈≈.....§..♣♣
≈≈≈≈..


You could see the 27-headed Lernaean hydra.

Vanquished Creatures
  Saint Roka (Orc:2)
  A tentacled monstrosity (Swamp:3)
  Jorgrun (Swamp:2)
  Donald (Swamp:1)
  4 fenstrider witches
  Louise (Swamp:1)
  The ghost of TheNamelessOne the Blocker, a journeyman FoFi of Hepliaklqana (D:15)
  Nessos (Lair:5)
  A white draconian (IceCv)
  3 bunyips
  4 eleionomae
  Snorg (Orc:2)
  2 ettins
  A shambling mangrove (Swamp:3)
  18 hydras
  An ogre mage (D:13)
  Erolcha (D:10)
  2 death knights (D:15)
  4 catoblepae
  6 ghost crabs
  16 alligators
  3 centaur warriors
  12 death yaks
  10 two-headed ogres
  7 orc high priests
  A spriggan berserker (Swamp:2)
  8 tengu warriors
  2 death drakes (Swamp:2)
  A skeletal warrior (D:13)
  2 deep trolls (D:15)
  7 goliath frogs
  3 spriggan druids
  14 bog bodies
  A wizard (D:14)
  2 deep elf pyromancers
  A deep elf zephyrmancer (Orc:2)
  8 orc knights
  13 swamp dragons
  6 manticores
  3 orc sorcerers
  4 oklob plants
  A wolf spider (D:15)
  A cyclops (D:12)
  11 ugly things
  4 will-o-the-wisps
  Maurice (D:11)
  23 elephants
  5 black mambas
  2 ice statues (IceCv)
  A gargoyle (D:11)
  A torpor snail (Lair:4)
  17 cane toads
  A kobold demonologist (D:11)
  Maggie (Lair:2)
  5 rime drakes
  4 freezing wraiths (D:15)
  13 komodo dragons
  2 yaktaurs (D:13)
  7 tengu conjurers
  2 bloated husks
  A wolf spider simulacrum (D:14)
  4 polar bears
  9 trolls
  11 tyrant leeches
  15 hornets
  18 blink frogs
  A meliai zombie (D:10)
  A vampire (D:13)
  68 yaks
  14 spriggans
  A centaur simulacrum (D:15)
  3 wyverns
  3 wraiths
  A golden eye (shapeshifter) (D:13)
  3 steam dragons
  17 vampire mosquitoes
  4 basilisks
  8 wargs
  3 nagas (Lair:3)
  14 swamp worms
  11 water moccasins
  3 acid dragons
  39 orc warriors
  11 swamp drakes
  5 ice beasts
  5 sky beasts
  6 black bears
  A necrophage (D:6)
  9 ogres
  A boggart (D:15)
  17 centaurs
  4 wolves
  A phantom (D:4)
  7 kobold brigands
  13 bullfrogs
  5 gnoll sergeants
  4 scorpions
  2 water moccasin skeletons
  2 lindwurm simulacra (IceCv)
  7 killer bees
  11 wights
  12 electric eels
  4 howler monkeys
  A crimson imp (Orc:2)
  4 centaur zombies
  A lava snake (Lair:3)
  3 komodo dragon simulacra (IceCv)
  4 jellies
  13 hounds
  43 orc priests
  4 gnoll shamans
  5 centaur skeletons
  An iron imp (Orc:2)
  A bullfrog skeleton (D:7)
  2 iguanas
  35 orc wizards
  12 hell rats
  A hound zombie (D:5)
  2 howler monkey zombies
  10 acid dragon simulacra (IceCv)
  30 gnolls
  2 adders
  2 howler monkey skeletons
  4 shadow imps
  4 white imps
  6 steam dragon simulacra (IceCv)
  2 ufetubi
  An adder skeleton (D:4)
  3 worms
  A dart slug (D:1)
  108 orcs
  5 endoplasms
  4 giant cockroaches
  7 goblins
  2 hobgoblins
  9 jackals
  5 quokkas
  6 ball pythons
  4 bats
  4 frilled lizards
  25 kobolds
  9 rats
  A bush (Lair:4)
  A foxfire (D:15)
1047 creatures vanquished.

Vanquished Creatures (collateral kills)
  20 foxfires
20 creatures vanquished.

Vanquished Creatures (others)
  An alligator (Swamp:2)
  A rime drake (IceCv)
  A swamp drake (Swamp:4)
  2784 foxfires
  37 fungi
  90 plants
2914 creatures vanquished.

Grand Total: 3981 creatures vanquished

Notes
Turn   | Place    | Note
-------+----------+-------------------------------------------
     0 | D:1      | funkygono the Gargoyle Fire Elementalist began the quest
                  | for the Orb.
     0 | D:1      | Reached XP level 1. HP: 10/10 MP: 3/3
   267 | D:1      | Reached XP level 2. HP: 15/15 MP: 0/5
   316 | D:1      | Learned a level 2 spell: Scorch
  1133 | D:1      | Found a faded altar of an unknown god.
  1327 | D:2      | Reached XP level 3. HP: 19/19 MP: 3/6
  1331 | D:2      | Learned a level 3 spell: Conjure Flame
  2294 | D:3      | Reached XP level 4. HP: 21/24 MP: 6/8
  2624 | D:3      | Reached skill level 3 in Spellcasting
  2786 | D:3      | Identified a scroll of acquirement
  2786 | D:3      | Acquired the ring "Xinybouqi" {Contam rC+ Str+4 Int+6}
  2839 | D:4      | Reached XP level 5. HP: 28/28 MP: 5/9
  2875 | D:4      | Learned a level 4 spell: Flame Wave
  2885 | D:4      | Noticed a phantom
  2900 | D:4      | Killed a phantom
  3031 | D:4      | Found a transporter.
  3062 | D:4      | Reached XP level 6. HP: 32/32 MP: 7/11
  3376 | D:4      | Reached skill level 1 in Maces & Flails
  3435 | D:4      | Reached skill level 5 in Fire Magic
  3440 | D:4      | Reached skill level 4 in Spellcasting
  3443 | D:4      | Reached XP level 7. HP: 36/36 MP: 9/13
  3642 | D:4      | Found Moskeybis's Jewellery Shop.
  3694 | D:4      | Found a transporter.
  3924 | D:5      | Entered Level 5 of the Dungeon
  4077 | D:5      | Reached skill level 5 in Spellcasting
  4351 | D:5      | Reached XP level 8. HP: 41/41 MP: 15/15
  4539 | D:5      | Identified the +8 dagger "Quyxeiso" {vorpal, rCorr Str+6
                  | Int-4}
  5052 | D:5      | HP: 2/41 [gnoll (4)]
  5053 | D:5      | Reached skill level 5 in Conjurations
  5196 | D:5      | Reached skill level 6 in Spellcasting
  6027 | D:5      | Learned a level 1 spell: Sting
  6170 | D:6      | Reached XP level 9. HP: 41/46 MP: 18/18
  6375 | D:6      | Reached skill level 7 in Spellcasting
  6490 | D:6      | Found a glowing drain.
  6494 | Sewer    | Entered a sewer
  6623 | Sewer    | Reached skill level 1 in Fighting
  6680 | Sewer    | Found a white marble altar of Elyvilon.
  6725 | Sewer    | Learned a level 4 spell: Olgreb's Toxic Radiance
  6853 | D:6      | Found a staircase to the Ecumenical Temple.
  7155 | D:6      | Found Zin's Purification Station.
  7155 | D:6      | Found a glowing silver altar of Zin.
  7166 | Temple   | Entered the Ecumenical Temple
  7392 | Temple   | Became a worshipper of Vehumet
  8148 | D:7      | Reached skill level 8 in Spellcasting
  8219 | D:7      | Reached skill level 1 in Poison Magic
  8219 | D:7      | Reached XP level 10. HP: 52/52 MP: 22/22
  9585 | D:8      | Reached * piety under Vehumet
  9585 | D:8      | Offered knowledge of Shock by Vehumet.
  9586 | D:8      | Reached skill level 9 in Spellcasting
  9895 | D:8      | Found a staircase to the Lair.
 10422 | D:8      | Learned a level 3 spell: Ignite Poison
 10424 | D:8      | Learned a level 1 spell: Shock
 10939 | D:8      | Reached ** piety under Vehumet
 11033 | D:8      | Offered knowledge of Sandblast by Vehumet.
 11112 | D:8      | Reached XP level 11. HP: 56/56 MP: 24/24
 11336 | D:8      | Acquired a +2 cloak of preservation
 11353 | D:8      | Learned a level 1 spell: Sandblast
 11507 | D:9      | Offered knowledge of Stone Arrow by Vehumet.
 11510 | D:9      | Reached skill level 10 in Fire Magic
 11711 | D:9      | Found a staircase to the Orcish Mines.
 11737 | D:9      | Reached skill level 1 in Earth Magic
 12599 | D:9      | Learned a level 3 spell: Stone Arrow
 12749 | Lair:1   | Entered Level 1 of the Lair of Beasts
 12807 | Lair:1   | Reached skill level 10 in Spellcasting
 13103 | Lair:1   | Reached skill level 1 in Armour
 13214 | Lair:1   | Reached *** piety under Vehumet
 13869 | Lair:2   | Offered knowledge of Frozen Ramparts by Vehumet.
 13873 | Lair:2   | Noticed Maggie
 13881 | Lair:2   | Killed Maggie
 13892 | Lair:2   | Noticed a five-headed hydra
 13899 | Lair:2   | Killed a five-headed hydra
 14165 | Lair:2   | Reached XP level 12. HP: 60/60 MP: 26/26
 14215 | Lair:2   | Noticed a death yak
 14219 | Lair:2   | Noticed a death yak
 14219 | Lair:2   | Noticed a death yak
 14234 | Lair:2   | Killed a death yak
 14236 | Lair:2   | Killed a death yak
 14236 | Lair:2   | Killed a death yak
 14237 | Lair:2   | Reached skill level 11 in Spellcasting
 14326 | Lair:2   | HP: 1/61 [elephant (9)]
 15106 | Lair:2   | Reached **** piety under Vehumet
 15567 | Lair:3   | Reached skill level 5 in Earth Magic
 15572 | Lair:3   | Reached skill level 5 in Poison Magic
 15849 | Lair:3   | Offered knowledge of Hailstorm by Vehumet.
 15906 | Lair:3   | Noticed a death yak
 15915 | Lair:3   | Killed a death yak
 16032 | Lair:3   | Reached XP level 13. HP: 64/66 MP: 9/28
 16231 | Lair:3   | Found a staircase to the Snake Pit.
 16253 | Lair:3   | Reached skill level 12 in Spellcasting
 16264 | Lair:3   | Learned a level 8 spell: Ignition
 16649 | Lair:3   | Reached skill level 10 in Conjurations
 17635 | Lair:4   | Reached ***** piety under Vehumet
 17638 | Lair:4   | Offered knowledge of Spellforged Servitor by Vehumet.
 17763 | Lair:4   | Identified the +4 ring mail of the Monkey {rC+ Regen+ Str+2
                  | SInv}
 18439 | Lair:4   | Reached skill level 13 in Spellcasting
 18651 | Lair:4   | Found a staircase to the Swamp.
 18900 | Lair:5   | Reached skill level 5 in Armour
 18903 | Lair:5   | Noticed Nessos
 18907 | Lair:5   | Gained mutation: Your large and strong wings let you fly.
                  | [Gargoyle growth]
 18907 | Lair:5   | Reached XP level 14. HP: 46/72 MP: 28/31
 18911 | Lair:5   | Reached skill level 1 in Shields
 18918 | Lair:5   | HP: 2/72 [Nessos/arrow (5)]
 18928 | Lair:5   | Killed Nessos
 19794 | D:10     | Entered Level 10 of the Dungeon
 19922 | D:10     | Noticed Erolcha
 19932 | D:10     | Killed Erolcha
 20640 | D:10     | Identified the +7 rapier "Spiderslayer" {holy, Stlth+}
 20668 | D:10     | Acquired the Guide on Contamination and the Arsonist
 20679 | D:10     | Learned a level 6 spell: Starburst
 20801 | Orc:1    | Entered Level 1 of the Orcish Mines
 21320 | Orc:1    | Found a transporter.
 21323 | Orc:1    | Found a transporter.
 21539 | Orc:2    | Entered Level 2 of the Orcish Mines
 21542 | Orc:2    | Offered knowledge of Fireball by Vehumet.
 21614 | Orc:2    | Found a staircase to the Elven Halls.
 21637 | Orc:2    | Noticed Snorg
 21646 | Orc:2    | Killed Snorg
 21663 | Orc:2    | Found a frozen archway.
 21693 | IceCv    | Entered an ice cave
 22089 | IceCv    | Noticed a white draconian
 22096 | IceCv    | Reached skill level 14 in Spellcasting
 22108 | IceCv    | Killed a white draconian
 23083 | Orc:2    | Found Cycyifoe's Antique Weapon Emporium.
 23185 | Orc:2    | Reached ****** piety under Vehumet
 23225 | Orc:2    | Noticed Saint Roka
 23245 | Orc:2    | Reached skill level 1 in Transmutations
 23418 | Orc:2    | Killed Saint Roka
 23419 | Orc:2    | Reached XP level 15. HP: 19/76 MP: 24/33
 23538 | Orc:2    | Offered knowledge of Orb of Destruction by Vehumet.
 24184 | Orc:2    | Found Gayhaor's Weapon Shoppe.
 24187 | Orc:2    | Found Cepubyco's Antique Weapon Emporium.
 24188 | Orc:2    | Found Wimudwul's Jewellery Shoppe.
 24189 | Orc:2    | Found Onapesch's Distillery.
 25132 | Lair:6   | Entered Level 6 of the Lair of Beasts
 25157 | Lair:6   | Reached skill level 15 in Spellcasting
 26100 | Lair:6   | Found a staircase to the Slime Pits.
 26110 | Lair:6   | Reached skill level 15 in Fire Magic
 26546 | Swamp:1  | Entered Level 1 of the Swamp
 26713 | Swamp:1  | Noticed Louise
 26719 | Swamp:1  | Killed Louise
 27099 | Swamp:1  | Reached XP level 16. HP: 82/82 MP: 27/35
 27540 | Swamp:1  | Noticed Donald
 27688 | Swamp:1  | Killed Donald
 27688 | Swamp:1  | Offered knowledge of Eringya's Noxious Bog by Vehumet.
 28226 | Swamp:2  | Noticed a fenstrider witch
 28234 | Swamp:2  | Killed a fenstrider witch
 28486 | Swamp:2  | Noticed Jorgrun
 28494 | Swamp:2  | Killed Jorgrun
 28544 | Swamp:2  | Reached skill level 16 in Spellcasting
 28708 | Swamp:2  | Noticed a fenstrider witch
 28718 | Swamp:2  | Killed a fenstrider witch
 30170 | Swamp:3  | Offered knowledge of Lightning Bolt by Vehumet.
 30279 | Swamp:3  | Noticed a tentacled monstrosity
 30293 | Swamp:3  | Killed a tentacled monstrosity
 30310 | Swamp:3  | Reached XP level 17. HP: 36/88 MP: 14/37
 30989 | Swamp:3  | Acquired a book of Power
 30991 | Swamp:3  | Acquired the +0 cloak of Muvos {Regen+ Slay+3}
 30995 | Swamp:3  | Acquired a book of the Moon
 31008 | Swamp:3  | Learned a level 6 spell: Iron Shot
 31209 | D:11     | Noticed Maurice
 31216 | D:11     | Killed Maurice
 32697 | D:12     | Offered knowledge of Yara's Violent Unravelling by Vehumet.
 33210 | D:13     | Found a gate to the Vaults.
 33478 | D:13     | Found Onyujun's Magic Scroll Shop.
 33749 | D:13     | Acquired the ring of the Cockatrice {Wiz Drain Will++ MP+9
                  | Stlth+}
 33801 | D:14     | Found Sem Kog's Jewellery Shoppe.
 33901 | D:14     | Reached skill level 17 in Spellcasting
 34337 | D:14     | Found a blossoming altar of Fedhas.
 35020 | D:15     | Entered Level 15 of the Dungeon
 35203 | D:15     | Found a runed translucent door.
 35204 | D:15     | Identified the +1 spear of the Hills {freeze, Dex+3}
 35205 | D:15     | Noticed TheNamelessOne's ghost (journeyman FoFi)
 35208 | D:15     | Identified the amulet "Caijecsiem" {Faith SInv}
 35425 | D:15     | Reached skill level 5 in Maces & Flails
 35639 | D:15     | Found a staircase to the Depths.
 36162 | D:15     | Killed TheNamelessOne's ghost
 36578 | Swamp:4  | Entered Level 4 of the Swamp
 36628 | Swamp:4  | Offered knowledge of Conjure Ball Lightning by Vehumet.
 36850 | Swamp:4  | Reached skill level 10 in Poison Magic
 36879 | Swamp:4  | Reached XP level 18. HP: 93/93 MP: 30/39
 37824 | Swamp:4  | Noticed the 27-headed Lernaean hydra
 38019 | Swamp:4  | HP: 4/93 [the 27-headed Lernaean hydra (9)]
 38019 | Swamp:4  | Slain by the 27-headed Lernaean hydra

Illustrated notes

Levels and vault maps discovered:
D:1:      amcnicky_arrival_abandoned_market, layout_basic,
          chequers_ecumenical_altar_grove, item_on_display_a
D:2:      layout_basic, minmay_between
D:3:      layout_loops_ring, lemuel_old_faithful
D:4:      gammafunk_cloud_chamber, layout_rooms, serial_shops,
          nicolae_shop_behind_doors
D:5:      layout_cave_pools, serial_gnoll_camp, gnoll_camp_mini_doghouse,
          gnoll_camp_mini_sergeant, gnoll_camp_mini_basic, gnoll_camp_mini_hut,
          gnoll_camp_mini_basic, gnoll_camp_medium_01
D:6:      layout_gridville, zin_purify, minmay_temple_entry_stoned_glass,
          gup_sewer_entry_spiral, kennysheep_generic_room_5
D:7:      layout_loops_ring, serial_bayou, serial_bayou_pond_e,
          serial_bayou_pond_b, serial_bayou_lagoon_a, serial_bayou_pond_c,
          grunt_ministairs_6, amcnicky_mini_corridor_feature, chequers_arboretum
D:8:      layout_basic, erik_lair_island, enter_bailey_4
D:9:      layout_basic, orc_0_dummy, item_on_display_a
D:10:     layout_basic, worms_lemuel, uniq_erolcha
D:11:     layout_rooms, uniq_maurice
D:12:     lemuel_flame_loot_2, layout_irregular_city
D:13:     layout_small_grid, hangedman_vaults_entry_quadrant_bands,
          serial_shops, kennysheep_little_box
D:14:     layout_rooms, fedhas_altar_fruit_tree, serial_shops, shop,
          chequers_serial_rivers_room_a
D:15:     hangedman_depths_entry_civil_slaughter, layout_loops_ring,
          ebering_ghost_funeral_grove
Temple:   roderic_octagonal_lattice_temple
Lair:1:   layout_cave_pods
Lair:2:   layout_loops_ring, serial_bayou_shore_a, uniq_maggie
Lair:3:   layout_gridlike, minmay_snake_entry_guardpost_small,
          gammafunk_lair_bear_cave
Lair:4:   minmay_lair_oklob_chamber, layout_regular_city,
          palyth_hydra_swamp_entry, infiniplex_staircase_pool_2
Lair:5:   layout_gridlike, small_statue_intersection,
          grunt_forest_small_clearings, uniq_nessos
Lair:6:   evilmike_catoblepas_cave, layout_hall_layers,
          minmay_slime_entry_oklob_enclosed, chequers_serial_rivers_marsh,
          grunt_megastairs_4
Swamp:1:  layout_basic_swamp, evilmike_swamp_ruin_rubble_2, swamp_pool3,
          uniq_louise, uniq_donald
Swamp:2:  nzn_winding_woodlands_three_and_one
          [nzn_winding_woodlands_5x15_zeroes,
          nzn_winding_woodlands_5x15_sawtooth,
          nzn_winding_woodlands_5x15_concentric,
          nzn_winding_woodlands_center_garden], layout_falls_marsh,
          evilmike_swamp_ruin_house_4, swamp_pool4, nicolae_swamp_drake_lake,
          uniq_jorgrun
Swamp:3:  layout_falls_marsh, nicolae_swamp_oxbows
Swamp:4:  grunt_swamp_rune_castle, layout_basic_swamp
Orc:1:    gammafunk_beogh_shrine, layout_caves, kennysheep_orc_chapel
Orc:2:    st_orc_pillars, layout_diamond_mine, serial_shops, shop,
          portal_ice_cave_entry_pillars_2, hangedman_minor_magic,
          uniq_saint_roka, uniq_snorg

Skill      XL: |  1  2  3  4  5  6  7  8  9 10 11 12 13 14 15 16 17 |
---------------+----------------------------------------------------+-----
Spellcasting   | 3 4 5 6 8 9 10 11 13 14 15 16 17 | 17.8
Conjurations   | 2 3 4 5 7 8 9 10 11 12 13 14 | 14.3
Fire Magic     | 4 5 6 7 8 9 11 13 14 15 16 | 16.4
Maces & Flails | 1 2 3 4 5 |  5.3
Fighting       | 1 2 3 |  3.7
Poison Magic   | 1 3 4 5 6 7 8 10 | 10.0
Dodging        | 2 3 4 |  4.9
Earth Magic    | 3 5 6 7 8 |  8.3
Armour         | 2 4 5 6 7 |  7.6
Shields        | 2 3 |  3.7
Transmutations | 1 2 |  2.8
Stealth        | |  2.6

Action                   |  1- 3 |  4- 6 |  7- 9 | 10-12 | 13-15 | 16-18 || total
-------------------------+-------+-------+-------+-------+-------+-------++-------
Melee: Mace              |    11 |     8 |    25 |    15 |       |       ||    59
       Morningstar       |       |       |       |    41 |    82 |   161 ||   284
 Cast: Foxfire           |    69 |    53 |   275 |   326 |   534 |   348 ||  1605
       Scorch            |     5 |     3 |    36 |    69 |    93 |    10 ||   216
       Flame Wave        |       |       |     1 |    37 |    40 |    50 ||   128
       Olgreb's Toxic Ra |       |       |       |     9 |   105 |    69 ||   183
       Ignite Poison     |       |       |       |     8 |   117 |    75 ||   200
       Stone Arrow       |       |       |       |       |    38 |   114 ||   152
       Shock             |       |       |       |       |     2 |       ||     2
       Iron Shot         |       |       |       |       |       |    69 ||    69
       Ignition          |       |       |       |       |       |    22 ||    22
       Starburst         |       |       |       |       |       |     6 ||     6
Evoke: Wand              |       |       |       |       |     2 |     8 ||    10
  Use: Scroll            |     3 |     3 |     7 |    17 |     8 |    11 ||    49
       Potion            |       |       |     1 |     1 |     6 |     6 ||    14
Armor: Robe              |     8 |     7 |    28 |    76 |       |       ||   119
       Acid dragon scale |       |       |       |    68 |    32 |       ||   100
       Ring mail         |       |       |       |       |   197 |   408 ||   605
Dodge: Dodged            |     8 |    13 |    42 |   140 |   164 |   221 ||   588
Block: Other             |       |       |       |    14 |    71 |    94 ||   179
       Reflection        |       |       |       |       |     7 |     6 ||    13

Table legend: (Time is in decaauts)
 A = Elapsed time spent in this place.
 B = Non-inter-level travel time spent in this place.
 C = Inter-level travel time spent in this place.
 D = Time resting spent in this place.
 E = Time spent auto-exploring this place.
 F = Levels seen in this place.
 G = Mean time per level.
                   A        B        C        D        E       F      G
               +--------+--------+--------+--------+--------+-----+--------+
         Total |  38361 |  36315 |   2046 |   5431 |  23237 |  30 | 1278.7 |
       Dungeon |  19269 |  18186 |   1083 |   2429 |  12242 |  15 | 1284.6 |
        Temple |    372 |    348 |     24 |      0 |    323 |   1 |  372.0 |
          Lair |   8766 |   8042 |    724 |   1090 |   5633 |   6 | 1461.0 |
         Swamp |   5825 |   5650 |    175 |   1271 |   2834 |   4 | 1456.2 |
  Orcish Mines |   3185 |   3148 |     37 |    461 |   1789 |   2 | 1592.5 |
         Sewer |    261 |    261 |      0 |     33 |    188 |   1 |  261.0 |
      Ice Cave |    679 |    679 |      0 |    147 |    228 |   1 |  679.0 |
               +--------+--------+--------+--------+--------+-----+--------+

Top non-repeatable levels by time:
     D:5: 2200 daAuts
     D:8: 2124 daAuts
  Lair:4: 2000 daAuts
   Orc:2: 1950 daAuts
     D:7: 1923 daAuts
 Swamp:1: 1871 daAuts
  Lair:3: 1829 daAuts
  Lair:2: 1758 daAuts
 Swamp:2: 1705 daAuts
     D:6: 1410 daAuts
     D:9: 1376 daAuts
     D:1: 1297 daAuts
    D:15: 1289 daAuts
     D:4: 1271 daAuts
   Orc:1: 1234 daAuts
